 Dungeon Sprint DCSS version 0.28-a0-79-g444c7a33f5 (webtiles) character file.

Game seed: 8005229091825090489

164 Zeldest the Martial Artist (level 5, 7/55 HPs)
             Began as a Demonspawn Transmuter on Aug 2, 2021.
             Quit the game in the Dungeon (Sprint IX: "|||||||||||||||||||||||||||||").
             The game lasted 00:00:27 (39 turns).

Zeldest the Martial Artist (Demonspawn Transmuter)    Turns: 39, Time: 00:00:28

Health: 7/55       AC:  4    Str: 11    XL:     5   Next: 21%
Magic:  4/8        EV: 12    Int: 15    God:
Gold:   0          SH:  0    Dex: 13    Spells: 7/8 levels left

rFire   . . .      SeeInvis .     - Unarmed
rCold   . . .      Faith    .   (no shield)
rNeg    . . .      Spirit   .   a - +0 robe
rPois   .          Reflect  .   (helmet restricted)
rElec   .          Harm     .   (no cloak)
rCorr   .          Rampage  .   (no gloves)
Will    .....      NoTele   +   (no boots)
Stlth   ..........              (no amulet)
HPRegen 0.18/turn               (no ring)
MPRegen 0.11/turn               (no ring)

@: berserking (expiring), quite poisoned (7 -> 4), hasted, very quick
A: antennae 1, thin metallic scales 1, demonic guardian 1
a: no special abilities


You were in the Dungeon.
You visited 1 branch

Inventory:

Armour
 a - a +0 robe (worn)
Scrolls
 g - a scroll of blinking
Potions
 b - a potion of curing
 c - a potion of heal wounds
 e - 2 potions of magic


   Skills:
 - Level 1.0 Fighting
 - Level 1.7 Dodging
 + Level 10.1 Unarmed Combat
 - Level 2.0 Spellcasting
 - Level 1.7 Transmutations


You had 7 spell levels left.
You knew the following spells:

 Your Spells              Type           Power      Damage    Failure   Level
a - Beastly Appendage     Tmut           12%        N/A       11%         1

Your spell library contained the following spells:

 Spells                   Type           Power      Damage    Failure   Level
 Wereblood                Tmut           6%         N/A       16%         2
 Spider Form              Tmut/Pois      2%         N/A       43%         3
 Ice Form                 Ice/Tmut       4%         N/A       83%         4


Dungeon Overview and Level Annotations

Branches:
Dungeon (1/1)

Altars:


Innate Abilities, Weirdness & Mutations

You have a pair of small antennae on your head.
You are partially covered in thin metallic scales. (AC +2)
A weak demonic guardian rushes to your aid.


Message History

You feel sick.
You hit the water moccasin.
You kill the water moccasin!
* * * LOW HITPOINT WARNING * * *
You feel sick.
Your Unarmed Combat skill gained 4 levels and is now at level 9!
You have reached level 3!
Your experience leads to an increase in your attributes!
Increase (S)trength, (I)ntelligence, or (D)exterity?
You feel stronger.
Your demonic ancestry asserts itself...
The horns on your head shrink a bit. The horns on your head shrink away.
A pair of antennae grows on your head!
You have reached level 4!
You feel clever.
Your demonic ancestry asserts itself...
You feel the presence of a demonic guardian.
You barely miss the adder. Your kick misses the adder.
Your punch misses the adder.
You feel sick. The adder bites you but does no damage.
You pummel the adder!!
You kill the adder!
You feel sick.
You punch the ufetubus!
You kill the ufetubus!
You feel sick.
You feel sick. The hound completely misses you.
There is an open door, spattered with blood here.
You see here a water moccasin corpse.
You closely miss the hound. Your kick misses the hound.
You feel sick. The hound bites you but does no damage.
You punch the hound! You claw the hound!
The hound is almost dead.
Your talons disappear.
The hound closely misses you.
You hit the hound.
You kill the hound!
You feel sick.
Your Unarmed Combat skill increases to level 10!
You have reached level 5!
Unknown command.
Are you sure you want to abandon this character and quit the game? (Confirm with "yes".) ▓▓▓▓▓▓▓▓▓▓▓▓▓▓▓▓▓▓ +....†@....)†...<▓ ▓▓▓▓▓▓▓▓▓▓▓▓▓▓▓▓▓▓

There were no monsters in sight!

Vanquished Creatures
  A water moccasin (D)
  A hound (D)
  An adder (D)
  A white imp (D)
  An ufetubus (D)
  A giant cockroach (D)
  A kobold (D)
  2 ball pythons (D)
  A bat (D)
10 creatures vanquished.

Notes
Turn   | Place    | Note
-------+----------+-------------------------------------------
     0 | D        | Zeldest the Demonspawn Transmuter began the quest for the
                  | Orb.
     0 | D        | Reached XP level 1. HP: 15/15 MP: 3/3
     4 | D        | Banished a spatial maelstrom
     7 | D        | Reached skill level 3 in Unarmed Combat
    12 | D        | Reached skill level 4 in Unarmed Combat
    19 | D        | Noticed a hound
    19 | D        | Noticed a water moccasin
    26 | D        | Reached skill level 5 in Unarmed Combat
    26 | D        | Gained mutation: You are partially covered in thin metallic
                  | scales. (AC +2) [demonic ancestry]
    26 | D        | Reached XP level 2. HP: 20/21 MP: 3/5
    31 | D        | Killed a water moccasin
    32 | D        | Reached skill level 9 in Unarmed Combat
    32 | D        | Lost mutation: You have a pair of horns on your head.
                  | [demonic ancestry]
    32 | D        | Lost mutation: You have a pair of small horns on your head.
                  | [demonic ancestry]
    32 | D        | Gained mutation: You have a pair of small antennae on your
                  | head. [demonic ancestry]
    32 | D        | Reached XP level 3. HP: 10/26 MP: 3/6
    32 | D        | Gained mutation: A weak demonic guardian rushes to your
                  | aid. [demonic ancestry]
    32 | D        | Reached XP level 4. HP: 13/32 MP: 3/7
    39 | D        | Reached skill level 10 in Unarmed Combat
    39 | D        | Reached XP level 5. HP: 7/37 MP: 4/8
    39 | D        | Quit the game

Illustrated notes

Levels and vault maps discovered:
D:        linesprint [early_d, line_temple, items_1, d_10, items_2, lair_1,
          lair_end, items_3, orc_1, orc_end, items_4, d_15, swamp_1, shoals_1,
          snake_1, spider_1, d_20, vaults_1, items_5, swamp_end, shoals_end,
          snake_end, spider_end, vaults_end, d_27, items_6, zot_1, zot_end,
          crypt_end, forest_end, elf_end, slime_end, tomb_end, abyss_end,
          pan_hell_end]

Skill      XL: |  1  2  3  4 |
---------------+-------------+-----
Unarmed Combat | 5 9 10 | 10.1
Fighting       | |  1.0
Dodging        | |  1.7
Spellcasting   | |  2.0
Transmutations | |  1.7

Action                   |  1- 3 |  4- 6 || total
-------------------------+-------+-------++-------
Melee: Unarmed           |    17 |     6 ||    23
       Kick              |     3 |     1 ||     4
       Headbutt          |     1 |       ||     1
 Cast: Beastly Appendage |     2 |       ||     2
  Use: Potion            |     2 |       ||     2
Armor: Robe              |     1 |     2 ||     3
Dodge: Dodged            |     8 |     2 ||    10

Table legend: (Time is in decaauts)
 A = Elapsed time spent in this place.
 B = Non-inter-level travel time spent in this place.
 C = Inter-level travel time spent in this place.
 D = Time resting spent in this place.
 E = Time spent auto-exploring this place.
 F = Levels seen in this place.
 G = Mean time per level.
                   A        B        C        D        E       F      G
               +--------+--------+--------+--------+--------+-----+--------+
         Total |     31 |     31 |      0 |      0 |      0 |   1 |   31.0 |
       Dungeon |     31 |     31 |      0 |      0 |      0 |   1 |   31.0 |
               +--------+--------+--------+--------+--------+-----+--------+

Top non-repeatable levels by time:
       D: 31 daAuts
